 Dungeon Crawl Stone Soup version 0.29-a0-67-g1d65ae1bb4 (webtiles) character file.

Game seed: 2387014335850573095

431 Essalna the Conjurer (level 6, 0/47 HPs)
             Began as a Demonspawn Conjurer on Feb 3, 2022.
             Slain by a bullfrog (8 damage)
             ... on level 4 of the Dungeon.
             The game lasted 00:08:54 (4070 turns).

Essalna the Conjurer (Demonspawn Conjurer)          Turns: 4070, Time: 00:08:55

Health: 0/47       AC:  3    Str:  7    XL:     6   Next: 67%
Magic:  1/12       EV: 14    Int: 28    God:
Gold:   813        SH:  0    Dex: 11    Spells: 10/13 levels left

rFire   . . .      SeeInvis .   (no weapon)
rCold   . . .      Faith    .   (no shield)
rNeg    . . .      Spirit   .   a - +0 robe
rPois   +          Reflect  .   (no helmet)
rElec   .          Harm     .   (no cloak)
rCorr   .          Rampage  .   (no gloves)
Will    .....                   j - +0 pair of boots
Stlth   ++........              (no amulet)
HPRegen 0.15/turn               c - ring of poison resistance
MPRegen 0.13/turn               f - +6 ring of intelligence

@: no status effects
A: repulsion field 1, foul stench 1
a: no special abilities


You were on level 4 of the Dungeon.
You visited 1 branch of the dungeon, and saw 4 of its levels.
You also visited: Sewer.

You collected 813 gold pieces.

Inventory:

Armour
 a - a +0 robe (worn)
 j - a +0 pair of boots (worn)
Jewellery
 c - a ring of poison resistance (left hand)
 f - a +6 ring of intelligence (right hand)
Wands
 b - a wand of flame (22)
 n - a wand of iceblast (2)
Scrolls
 g - a scroll of identify {unknown}
 k - a scroll of vulnerability {unknown}
 m - 2 scrolls of teleportation
 p - a scroll of immolation {unknown}
Potions
 d - 2 potions of attraction {unknown}
 e - 2 potions of mutation {unknown}
 h - a potion of lignification {unknown}
 i - 2 potions of curing {unknown}
 l - 4 potions of flight
 o - a potion of degeneration {unknown}


   Skills:
 + Level 3.3 Fighting
 - Level 1.7 Dodging
 - Level 1.7 Stealth
 + Level 4.2 Spellcasting
 + Level 5.8 Conjurations


You had 10 spell levels left.
You knew the following spells:

 Your Spells              Type           Power      Damage    Failure   Level
a - Magic Dart            Conj           100%       1d8       1%          1
b - Searing Ray           Conj           76%        2d7       1%          2

Your spell library contained the following spells:

 Spells                   Type           Power      Damage    Failure   Level
 Dazzling Flash           Conj/Hex       44%        N/A       7%          3
 Confusing Touch          Hex            5%         N/A       22%         3
 Fulminant Prism          Conj/Hex       11%        3d9       22%         4
 Iskenderun's Mystic Bla  Conj/Tloc      22%        2d6       22%         4
 Yara's Violent Unravell  Hex/Tmut       2%         3d3       90%         5
 Enfeeble                 Hex            2%         N/A       100%        7


Dungeon Overview and Level Annotations

Branches:
Dungeon (4/15)              Sewer (visited)
 Temple: D:4-7

Altars:
Sif Muna
Zin

Annotations:
D:3 2 transporters


Innate Abilities, Weirdness & Mutations

You are surrounded by a mild repulsion field. (EV +2)
You may rarely emit foul miasma when damaged in melee.


Message History

The bullfrog closely misses you.
The searing ray misses the black bear.
You finish channelling your searing ray.
The black bear bites you.
You emit a cloud of foul miasma!
The black bear closely misses you. The black bear claws you.
The bullfrog hits you.
The black bear is engulfed in dark miasma.
The black bear is poisoned.
The black bear bites you!
The black bear claws you but does no damage.
The black bear claws you.
Casting: Searing Ray (safe; 1% risk of failure)
Confirm with . or Enter, or press ? or * to list all spells.
Aiming: Searing Ray (safe; 1% risk of failure)
Press: ? - help, Shift-Dir - straight line, f/p - black bear
Aim: a black bear (foul pestilence, almost dead, berserk, poisoned, 86% to hit)
The searing ray misses the black bear. (Press . to maintain the ray.)
The bullfrog completely misses you.
The black bear is engulfed in dark miasma.
The black bear looks even sicker.
The black bear barely misses you. The black bear claws you.
* * * LOW HITPOINT WARNING * * *
The black bear claws you.
* * * LOW HITPOINT WARNING * * *
The bullfrog completely misses you.
The searing ray hits the black bear.
You kill the black bear!
The bullfrog barely misses you.
Your Fighting skill increases to level 3!
The bullfrog barely misses you.
Casting: Searing Ray (safe; 1% risk of failure)
Confirm with . or Enter, or press ? or * to list all spells.
Aiming: Searing Ray (safe; 1% risk of failure)
Press: ? - help, Shift-Dir - straight line, f - bullfrog
Aim: a bullfrog (76% to hit)
The searing ray hits the bullfrog.
The bullfrog is moderately wounded. (Press . to maintain the ray.)
The bullfrog hits you!
You die...

....######
.........
...#....
....... #.$..#
#....#
#..°.#########
#...F#<......#
#...@.......##
####.########
...# #####


You could see a bullfrog.

Vanquished Creatures
  A black bear (D:4)
  2 hounds
  A merfolk siren (Sewer)
  A merfolk avatar (Sewer)
  Terence (D:2)
  3 gnolls (D:2)
  4 adders
  2 river rats (Sewer)
  An ufetubus (D:2)
  3 worms
  5 dart slugs
  4 orcs (D:3)
  3 bats (D:1)
  8 endoplasms
  3 giant cockroaches
  3 goblins
  6 hobgoblins
  4 quokkas
  12 ball pythons
  10 frilled lizards
  4 kobolds
  28 rats
109 creatures vanquished.

Vanquished Creatures (others)
  3 fungi (D:2)
  4 plants (D:2)
7 creatures vanquished.

Grand Total: 116 creatures vanquished

Notes
Turn   | Place    | Note
-------+----------+-------------------------------------------
     0 | D:1      | Essalna the Demonspawn Conjurer began the quest for the
                  | Orb.
     0 | D:1      | Reached XP level 1. HP: 13/13 MP: 3/3
   188 | D:1      | Gained mutation: You may rarely emit foul miasma when
                  | damaged in melee. [demonic ancestry]
   188 | D:1      | Reached XP level 2. HP: 19/19 MP: 1/5
   512 | D:1      | Learned a level 2 spell: Searing Ray
   945 | D:1      | Reached XP level 3. HP: 24/24 MP: 5/7
  1568 | D:2      | Reached skill level 1 in Fighting
  1570 | D:2      | Reached XP level 4. HP: 32/32 MP: 3/8
  1868 | D:2      | Noticed Terence
  1932 | D:2      | Killed Terence
  1933 | D:2      | Reached skill level 5 in Conjurations
  2159 | D:2      | Found a faded altar of an unknown god.
  2420 | D:3      | Identified a scroll of acquirement
  2420 | D:3      | Acquired 609 gold pieces
  2434 | D:3      | Found a transporter.
  2649 | D:3      | Reached XP level 5. HP: 37/38 MP: 5/10
  2658 | D:3      | Found a transporter.
  2763 | D:3      | Found a glowing drain.
  2772 | Sewer    | Entered a sewer
  3242 | Sewer    | Gained mutation: You are surrounded by a mild repulsion
                  | field. (EV +2) [demonic ancestry]
  3242 | Sewer    | Reached XP level 6. HP: 46/46 MP: 3/11
  3672 | D:3      | Found a shimmering blue altar of Sif Muna.
  4070 | D:4      | Slain by a bullfrog

Illustrated notes

Levels and vault maps discovered:
D:1:      psy_arrival_spokes, layout_loops_ring
D:2:      layout_basic, shapermc_ecumenical_altar_ellora, basic_altar,
          uniq_terence
D:3:      gammafunk_wand_slinger, layout_basic, mainiacjoe_overflow_catwalk,
          portal_sewer_entry_d, lemuel_another_geyser
D:4:      layout_basic, minmay_temple_entry_statues, gammafunk_ghost_arena,
          nrook_loot_triangle

Skill      XL: |  1  2  3  4  5  6 |
---------------+-------------------+-----
Fighting       | 1 2 3 |  3.3
Spellcasting   | 3 4 |  4.2
Conjurations   | 5 |  5.8
Dodging        | |  1.7
Stealth        | |  1.7

Action                   |  1- 3 |  4- 6 || total
-------------------------+-------+-------++-------
Melee: Unarmed           |     3 |    14 ||    17
 Cast: Magic Dart        |    65 |   105 ||   170
       Searing Ray       |     1 |    11 ||    12
  Use: Scroll            |       |     1 ||     1
Armor: Robe              |     1 |     3 ||     4
Dodge: Dodged            |     5 |    27 ||    32

Table legend: (Time is in decaauts)
 A = Elapsed time spent in this place.
 B = Non-inter-level travel time spent in this place.
 C = Inter-level travel time spent in this place.
 D = Time resting spent in this place.
 E = Time spent auto-exploring this place.
 F = Levels seen in this place.
 G = Mean time per level.
                   A        B        C        D        E       F      G
               +--------+--------+--------+--------+--------+-----+--------+
         Total |   4111 |   4054 |     57 |      0 |   3430 |   5 |  822.2 |
       Dungeon |   3262 |   3205 |     57 |      0 |   2712 |   4 |  815.5 |
         Sewer |    848 |    848 |      0 |      0 |    718 |   1 |  848.0 |
               +--------+--------+--------+--------+--------+-----+--------+

Top non-repeatable levels by time:
     D:2: 1422 daAuts
     D:1: 995 daAuts
   Sewer: 848 daAuts
     D:3: 801 daAuts
     D:4: 42 daAuts
